 Dungeon Crawl Stone Soup version 0.18-a0-1577-gf591c28 (webtiles) character file.

555893 namelastname112 the Fencer (level 25, -2/223 HPs)
             Began as a Grey Draconian Gladiator on Mar 19, 2016.
             Was the Champion of Kikubaaqudgha.
             Killed from afar by a black draconian (48 damage)
             ... with a bolt of lightning
             ... on level 1 of the Realm of Zot.
             The game lasted 03:09:21 (83075 turns).

namelastname112 the Fencer (DrGl)                  Turns: 83075, Time: 03:09:21

Health: -2/223     AC: 21    Str: 17    XL:     25   Next: 19%
Magic:  36/42      EV: 26    Int: 19    God:    Kikubaaqudgha [******]
Gold:   6734       SH:  0    Dex: 30    Spells: 13 memorised, 4 levels left

rFire  + + .     SeeInvis .     a - +13 sword of the Doom Knight {pain, -Cast MR+}
rCold  . . .     Gourm    .     (armour unavailable)
rNeg   + . .     Faith    .     (shield currently unavailable)
rPois  .         Spirit   .     n - +0 hat
rElec  .         Dismiss  .     L - +0 cloak "Paenaisa" {Int+4}
rCorr  .         Reflect  .     l - +0 pair of gloves of Infinity {*Corrode +Inv rF+ Dex+5}
SustAt .         Harm     .     R - +1 pair of boots {run}
MR     +++++     Clarity  +     r - amulet of the Four Winds {rN+ MR+++ Clar}
Stlth  ++........ NoCast   +    Z - ring of Liar {rF+ Dex+6}
                                H - ring of the Mage {Wiz MR++ Int+3}

@: lethally poisoned (-2 -> -5), very slightly contaminated, quick, almost
entirely resistant to hostile enchantments, unstealthy
A: walk through water, unfitting armour, screaming 1, weak 1, wild magic 1,
unbreathing, cold-blooded, MP-powered wands, AC +17
a: Receive Corpses, Torment, Brand Weapon With Pain, Receive Necronomicon,
Renounce Religion, Evoke Invisibility
}: 3/15 runes: barnacled, silver, gossamer


You were on level 1 of the Realm of Zot.
You worshipped Kikubaaqudgha.
Kikubaaqudgha was exalted by your worship.
You were not hungry.

You visited 11 branches of the dungeon, and saw 51 of its levels.
You visited 1 bazaar.
You also visited: Ice Cave.

You collected 18011 gold pieces.
You spent 3351 gold pieces at shops.
You paid 7926 gold pieces to Gozag.

Inventory:

Hand Weapons
 a - the +13 sword of the Doom Knight (weapon) {pain, -Cast MR+}
   (You bought it in a shop on level 12 of the Dungeon)

   In the hands of one skilled in necromantic magic, it inflicts extra damage on
   living creatures.
   It affects your resistance to hostile enchantments.
   It prevents spellcasting.
 w - the +7 greatsling "Punk" {freeze, rC+}
   (You found it on level 5 of the Vaults)

   It causes projectiles fired from it to freeze those they strike, causing
   extra injury to most foes and up to half again as much damage against
   particularly susceptible opponents.
   They can also slow down cold-blooded creatures.
   It protects you from cold.
Missiles
 u - 9 throwing nets (quivered)
Armour
 l - the +0 pair of gloves of Infinity (worn) {*Corrode +Inv rF+ Dex+5}
   (You found it on level 2 of the Vaults)

   It affects your dexterity (+5).
   It protects you from fire.
   It lets you turn invisible.
   It may corrode your equipment when you take damage.
 n - a +0 hat (worn)
 L - the +0 cloak "Paenaisa" (worn) {Int+4}
   (You acquired it on level 2 of the Spider Nest)

   It affects your intelligence (+4).
 R - a +1 pair of boots of running (worn)
Magical Staves
 b - an uncursed staff of death
Rods
 y - a +9 rod of inaccuracy (14/14)
   (You found it on level 8 of the Lair of Beasts)
Jewellery
 c - the amulet "Noel" {rElec rPois Regen+ Str+2 Stlth+}
   (You took it off a vault guard on level 5 of the Vaults)

   [amulet of regeneration]

   It affects your strength (+2).
   It insulates you from electricity.
   It protects you from poison.
   It increases your rate of regeneration.
   It makes you more stealthy.
 r - the amulet of the Four Winds (around neck) {rN+ MR+++ Clar}
   (You bought it in a shop on level 2 of the Orcish Mines)

   [amulet of nothing]

   It protects you from negative energy.
   It affects your resistance to hostile enchantments.
   It protects you against confusion.
 H - the ring of the Mage (left hand) {Wiz MR++ Int+3}
   (You took it off a deep elf blademaster on level 3 of the Elven Halls)

   [ring of wizardry]

   It improves your spell success rate.
   It affects your intelligence (+3).
   It affects your resistance to hostile enchantments.
 I - an uncursed ring of poison resistance
 X - an uncursed ring of protection from cold
 Z - the ring of Liar (right hand) {rF+ Dex+6}
   (You bought it in a shop on level 12 of the Dungeon)

   [ring of dexterity]

   It affects your dexterity (+6).
   It protects you from fire.
Wands
 i - a wand of disintegration (9/24)
 B - a wand of teleportation (1/9)
 E - a wand of digging (9/24)
 S - a wand of disintegration (9/24)
 V - a wand of iceblast (9/15)
Scrolls
 f - 13 scrolls of identify
 j - 2 scrolls of magic mapping
 k - 4 scrolls of teleportation
 m - 8 scrolls of enchant armour
 t - 6 scrolls of recharging
 G - a scroll of holy word
 J - 13 scrolls of immolation
 N - 24 scrolls of remove curse
 O - 7 scrolls of amnesia
 P - 3 scrolls of summoning
 U - 2 scrolls of fog
Potions
 e - 20 potions of curing
 h - 5 potions of brilliance
 o - 3 potions of resistance
 p - 6 potions of cancellation
 q - 5 potions of cure mutation
 s - a potion of invisibility
 x - 8 potions of ambrosia
 z - 2 potions of berserk rage
 C - a potion of heal wounds
 D - 7 potions of flight
 F - 4 potions of might
 K - 11 potions of agility
 M - 5 potions of haste
 Q - 3 potions of magic
Miscellaneous
 T - a phial of floods
Comestibles
 d - 19 bread rations
 A - 11 beef jerkies


   Skills:
 + Level 17.8 Fighting
 - Level 18.8 Long Blades
 - Level 7.4 Throwing
 + Level 15.5 Dodging
   Level 12.2 Shields
 * Level 15.9 Spellcasting
 * Level 13.6 Charms
 - Level 12.7 Summonings
 + Level 18.3 Necromancy
 - Level 8.4 Ice Magic


You had 4 spell levels left.
You knew the following spells:

 Your Spells              Type           Power        Failure   Level  Hunger
a - Sublimation of Blood  Necr           #######...   1%          2    None
b - Apportation           Tloc           ###.......   5%          1    None
c - Animate Skeleton      Necr           N/A          1%          1    None
d - Regeneration          Chrm/Necr      #######...   1%          3    None
e - Dispel Undead         Necr           #######.     1%          5    ###....
f - Death Channel         Necr           #######...   1%          6    #####..
g - Cigotuvi's Embrace    Necr           #######...   1%          5    ###....
h - Simulacrum            Ice/Necr       #######...   2%          6    #####..
i - Haste                 Chrm           #######.     2%          6    #####..
j - Blink                 Tloc           N/A          8%          2    None
s - Vampiric Draining     Necr           #######...   1%          3    None
v - Haunt                 Necr/Summ      #######...   6%          7    ######.
x - Animate Dead          Necr           N/A          1%          4    None


Dungeon Overview and Level Annotations

Branches:
Dungeon (15/15)            Temple (1/1) D:6            Lair (8/8) D:9
 Shoals (4/4) Lair:6       Spider (4/4) Lair:3        Slime (0/6) Lair:8
    Orc (2/2) D:11            Elf (3/3) Orc:2        Vaults (5/5) D:13
  Crypt (3/3) Vaults:3       Tomb (0/3) Crypt:3      Depths (5/5) D:15
    Zot (1/5) Depths:5

Altars:
Ashenzari
Cheibriados
Elyvilon
Fedhas
Gozag
Kikubaaqudgha
Nemelex Xobeh
Pakellas
Ru
Sif Muna
Vehumet
Xom
Yredelemnul
Zin
The Shining One
Jiyva
Lugonu

Shops:
D:11 }=   D:12 (?*[!   Orc:1 !   Orc:2 :((?=   Elf:3 *   Lair:1 (=([[[(

Portals:
Hell: Depths:1 Depths:2 Depths:3 Depths:4 Depths:5
Abyss: Depths:3 Depths:4 Depths:5
Pandemonium: Depths:3
Ziggurat: Depths:5

Annotations:
Lair:8 1 runed door
Shoals:2 exclusion: Roxanne, Roxanne
Elf:2 3 runed doors


Innate Abilities, Weirdness & Mutations

You can walk through water.
Your dull iron-grey scales are very hard (AC +17).
Your body does not fit into most forms of armour.
You can survive without breathing.
You are cold-blooded and may be slowed by cold attacks.
You occasionally shout uncontrollably at your foes.
You are weak. (Str -2)
Your spells are a little harder to cast, but a little more powerful.
You expend magic power (3 MP) to strengthen your wands.


Message History

You are very lightly contaminated with residual magic.
As you read the scroll of blinking, it crumbles to dust.
Your unholy channel expires.
You feel sick.
The death drake bites your spectral draconian.
Your spectral draconian barely misses the green draconian zealot.
The wind drake bites your spectral draconian.
The green draconian zealot hits your draconian zombie with a club!
The green draconian zealot misses your draconian zombie.
Your spectral draconian hits the wind drake!
The komodo dragon barely misses your draconian zombie.
The death drake bites your spectral draconian but does no damage.
You feel sick.
The black draconian breathes lightning at you.
The bolt of lightning hits the black draconian.
The black draconian completely resists.
The bolt of lightning hits the black draconian.
The black draconian completely resists.
The bolt of lightning hits you!
You die...
Kikubaaqudgha rasps: "You have failed me!
Welcome... death!"

#.......
#.....##
#......##
#.......#####
#.d.[)qZ.....
#..dZ........
#...dl)......
#.dd.k....###
#@.qZk....#
#....k....#
#..........#
#.......=...#
#............
#.!..........
#...........
#...........
#...........


You could see 3 draconians, a mottled draconian, a purple draconian, a white
draconian caller, a green draconian zealot, a death drake, a wind drake, a
komodo dragon, a swamp drake, a friendly spectral draconian, a friendly spectral
draconian and a friendly draconian zombie.

Vanquished Creatures
  Mennas (Depths:5)
  An orb of fire (Depths:5)
  Boris (Vaults:2)
  Margery (Vaults:2)
  A golden dragon (Vaults:5)
  Jory (Vaults:2)
  2 bone dragons
  the Enchantress (Depths:3)
  A profane servitor (Crypt:3)
  6 liches
  Rupert (Orc:1)
  A deep elf blademaster (Elf:3)
  3 titans (Vaults:5)
  Polyphemus (Shoals:2)
  2 krakens
  2 sphinxes
  3 storm dragons
  An ancient champion (Crypt:2)
  Agnes (D:14)
  2 tengu reavers
  2 draconian monks (Zot:1)
  2 revenants (Crypt:2)
  Ilsuiw (Shoals:4)
  An iron dragon (Depths:5)
  2 fire giants
  Maud (D:13)
  9 deep elf sorcerers
  A frost giant (shapeshifter) (Depths:3)
  A ghost moth (Spider:4)
  5 deep elf elementalists (Elf:3)
  8 vault wardens
  7 ghouls
  A draconian scorcher (Depths:5)
  A draconian zealot (Depths:5)
  Louise (Shoals:3)
  3 emperor scorpions
  A draconian shifter (Zot:1)
  8 ironheart preservers
  4 curse skulls
  4 very ugly things
  18 stone giants
  2 war gargoyles
  3 spriggan defenders (Depths:3)
  A black draconian (Depths:5)
  A draconian caller (Depths:5)
  7 vampire knights
  The ghost of namelastname112 the Spear-Bearer, a journeyman DrGl of the Shining One (Lair:3)
  2 green draconians (Depths:5)
  2 salamander stormcallers
  4 deep elf annihilators (Elf:3)
  A purple draconian (Zot:1)
  A dire elephant (Depths:4)
  Azrael (Orc:2)
  2 mottled draconians
  A yellow draconian (Depths:5)
  5 deep elf demonologists
  6 spark wasps
  A red draconian (Depths:5)
  14 deep elf death magi
  8 ettins
  5 merfolk impalers
  13 vault guards
  10 eidola (Crypt:3)
  9 yaktaur captains
  7 fire dragons
  A crystal guardian (Vaults:3)
  3 deep elf high priests (Elf:3)
  Snorg (Orc:1)
  6 jiangshi
  A mummy priest (Crypt:3)
  6 merfolk javelineers
  2 quicksilver dragon zombies
  7 great orbs of eyes
  A small abomination (Vaults:5)
  The ghost of namelastname112 the Carver, a journeyman DrGl of Gozag (D:10)
  4 rakshasas
  7 ice dragons
  7 entropy weavers
  A quicksilver dragon skeleton (Crypt:1)
  8 death knights
  14 hydras
  2 alligator snapping turtles
  11 ogre magi
  3 spriggan air magi
  10 merfolk avatars
  A ghost crab (shapeshifter) (Vaults:1)
  2 catoblepae
  7 death yaks
  12 centaur warriors
  5 merfolk aquamancers
  3 deep troll earth magi
  12 dancing weapons
  An orc high priest (Orc:1)
  7 vampire magi
  4 tengu warriors
  A deep troll shaman (Depths:2)
  4 large abominations (Elf:1)
  13 hell knights
  2 soul eaters
  16 deep elf knights
  A storm dragon zombie (Crypt:3)
  3 fire crabs
  25 skeletal warriors
  A titan skeleton (Crypt:1)
  5 wizards
  5 flayed ghosts
  13 deep trolls
  A storm dragon skeleton (Vaults:3)
  An unseen horror (D:11)
  3 anaconda zombies (Crypt:3)
  5 shadow wraiths
  A deep troll (shapeshifter) (Depths:5)
  10 sea snakes
  5 hill giants
  21 deep elf archers
  A shadow demon (Depths:3)
  A torturous demonspawn (Depths:3)
  5 giant orange brains
  11 necromancers
  31 phantasmal warriors
  18 ironbrand convokers
  63 deep elf magi
  An iron dragon zombie (Crypt:3)
  10 orc sorcerers
  15 harpies
  A tengu skeleton (Depths:3)
  13 orc knights
  2 wolf spider zombies
  7 orb spiders
  5 hornets
  24 wolf spiders
  4 stone giant zombies
  14 griffons
  7 fauns
  A fire giant zombie (Crypt:3)
  10 manticores
  39 ugly things
  12 cyclopes
  A moth of wrath (Depths:5)
  4 human skeletons
  An octopode (shapeshifter) (Vaults:4)
  A dire elephant zombie (Crypt:1)
  14 vault sentinels
  4 ice statues
  7 water nymphs
  Maurice (Orc:2)
  16 elephants
  15 sirens
  A stone giant skeleton (Crypt:1)
  A moth of wrath (shapeshifter) (Vaults:2)
  A rust devil (Depths:3)
  A spiny frog (shapeshifter) (Vaults:1)
  8 black mambas
  A shock serpent zombie (Crypt:1)
  3 centaur zombies
  2 frost giant skeletons (Crypt:1)
  A torpor snail (Spider:4)
  Psyche (D:9)
  2 yaktaur zombies
  A spriggan skeleton (Depths:2)
  37 yaktaurs
  A yaktaur (shapeshifter) (Depths:1)
  10 komodo dragons
  2 human zombies
  A rime drake (shapeshifter) (Vaults:1)
  18 spiny frogs
  An efreet (D:15)
  A kobold demonologist (D:15)
  6 demonic crawlers
  6 rime drakes
  10 freezing wraiths
  2 guardian mummies (Crypt:3)
  A green draconian skeleton (Crypt:2)
  2 harpy zombies (Shoals:1)
  A catoblepas skeleton (Crypt:2)
  A minotaur zombie (Crypt:1)
  A mottled draconian skeleton (Crypt:1)
  3 tengu conjurers
  A troll (shapeshifter) (Depths:3)
  10 polar bears
  2 wind drakes
  A yaktaur skeleton (Vaults:4)
  A queen bee (shapeshifter) (Vaults:1)
  A queen bee (Lair:3)
  26 jumping spiders
  A sphinx simulacrum (Vaults:4)
  12 trolls
  A tengu simulacrum (Vaults:3)
  21 two-headed ogres
  A giant leech (shapeshifter) (Depths:3)
  A giant leech (Spider:3)
  A hydra skeleton (Crypt:1)
  A blink frog (shapeshifter) (Vaults:1)
  46 merfolk
  2 raiju (Lair:8)
  A griffon zombie (Shoals:1)
  18 slime creatures
  10 snapping turtles
  2 fire dragon zombies
  8 blink frogs
  A bog body (Crypt:2)
  A human simulacrum (Vaults:2)
  6 boulder beetles
  A frost giant simulacrum (Crypt:1)
  A centaur simulacrum (D:14)
  An ettin zombie (Crypt:3)
  6 flying skulls (Crypt:1)
  2 vampires (Crypt:2)
  An ettin skeleton (Crypt:1)
  2 tarantellas (shapeshifter)
  50 redbacks
  18 water elementals
  17 wraiths
  4 spriggans (Depths:3)
  7 air elementals
  6 shadows
  2 wyverns
  A dire elephant simulacrum (Crypt:1)
  8 basilisks
  2 fire bats (Shoals:2)
  12 tarantellas
  A black mamba skeleton (Crypt:2)
  69 yaks
  7 fire elementals
  3 steam dragons (Lair:8)
  12 hippogriffs
  A human (shapeshifter) (Depths:1)
  2 hungry ghosts
  11 vampire mosquitoes
  2 mottled dragons
  12 wargs
  A swamp worm (shapeshifter) (Elf:1)
  Menkaure (D:7)
  A soldier ant (shapeshifter) (Vaults:5)
  6 hell hounds
  20 water moccasins
  13 porcupines
  A water nymph skeleton (Crypt:1)
  An infernal demonspawn skeleton (Crypt:1)
  3 swamp drakes (Lair:8)
  35 orc warriors
  14 black bears
  4 sky beasts
  66 ogres
  A phantom (D:8)
  16 ice beasts
  11 centaurs
  2 wasps
  22 wolves
  3 eyes of draining (shapeshifter)
  2 swamp dragon zombies (Crypt:3)
  11 boggarts
  An eye of draining (D:12)
  16 necrophages
  A rime drake zombie (Crypt:1)
  19 crocodiles
  4 elf zombies
  An octopode zombie (Crypt:2)
  A big kobold (D:8)
  18 giant frogs
  An earth elemental (Elf:1)
  A draconian skeleton (Crypt:2)
  11 wyvern skeletons
  2 hippogriff zombies (Shoals:1)
  A scorpion (shapeshifter) (Elf:1)
  31 killer bees
  6 scorpions
  A polar bear zombie (Crypt:2)
  13 wights
  16 howler monkeys
  5 electric eels
  13 crimson imps
  2 giant frog zombies
  3 quasits
  A jelly (shapeshifter) (Vaults:5)
  2 jellies
  14 orc priests
  4 centaur skeletons
  18 hounds
  A giant frog skeleton (D:10)
  An iron imp (Depths:4)
  21 iguanas
  Natasha (D:4)
  22 orc wizards
  8 worker ants
  40 sheep
  3 hound zombies
  2 hound skeletons
  A mummy (Crypt:3)
  4 gnolls
  11 adders
  58 river rats
  5 shadow imps
  14 white imps
  3 oozes
  A sheep zombie (Crypt:2)
  2 adder skeletons
  2 worms
  3 dart slugs
  12 giant geckos
  107 orcs
  4 giant cockroaches
  9 goblins
  6 hobgoblins
  13 jackals
  5 quokkas
  10 bats
  A giant gecko skeleton (D:6)
  5 giant newts
  A hobgoblin zombie (Crypt:2)
  A jackal skeleton (D:4)
  A jackal zombie (D:7)
  7 kobolds
  2 quokka skeletons (D:8)
  8 rats
  A butterfly (Lair:8)
  A crawling corpse (Vaults:5)
  A lost soul (Crypt:3)
  3 plants
  7 tentacles
  2 withered plants (Crypt:3)
2280 creatures vanquished.

Vanquished Creatures (collateral kills)
  An ancient lich (Vaults:5)
  2 juggernauts (Depths:3)
  Boris (Depths:3)
  A caustic shrike (Depths:3)
  3 golden dragons
  Xtahua (Crypt:2)
  Jorgrun (Shoals:4)
  6 tentacled monstrosities
  3 titans (Vaults:5)
  An ancient champion (Vaults:3)
  3 shadow dragons
  2 sphinxes
  2 storm dragons
  2 tengu reavers (Vaults:5)
  2 fire giants (Vaults:5)
  8 vault wardens
  7 frost giants
  3 deep elf sorcerers
  A ghoul (Vaults:5)
  A deep elf elementalist (Depths:3)
  A ghost moth (Spider:4)
  2 emperor scorpions (Spider:4)
  An ironheart preserver (Vaults:5)
  8 very ugly things
  3 war gargoyles (Vaults:5)
  A spriggan defender (Depths:3)
  11 stone giants
  A vampire knight (Depths:2)
  2 deep elf annihilators
  A green draconian (Depths:5)
  8 spark wasps
  A dire elephant (Depths:4)
  A mottled draconian (Depths:5)
  A blizzard demon (Depths:2)
  17 vault guards
  A deep elf death mage (Vaults:5)
  2 merfolk javelineers (Shoals:4)
  4 ettins
  A small abomination (Vaults:5)
  4 fire dragons
  3 entropy weavers
  2 great orbs of eyes
  5 merfolk impalers
  2 rakshasas
  4 yaktaur captains
  4 ice dragons
  4 death knights
  A juggernaut simulacrum (Depths:3)
  7 ogre magi
  5 spriggan air magi
  A centaur warrior (Depths:1)
  An alligator snapping turtle (Shoals:4)
  3 merfolk aquamancers (Shoals:4)
  A satyr (Shoals:4)
  A deep troll earth mage (Depths:2)
  A deep troll shaman (Depths:2)
  2 spriggan berserkers (Depths:2)
  A dancing weapon (Vaults:5)
  4 deep elf knights
  3 spriggans (Depths:2)
  A hell hog (shapeshifter) (Vaults:5)
  A hell knight (Depths:2)
  2 sea snakes (Shoals:4)
  7 deep trolls
  A flayed ghost (Depths:3)
  2 deep elf archers
  6 ironbrand convokers
  5 orc knights
  A shadow dragon zombie (Depths:2)
  4 phantasmal warriors
  A necromancer (Depths:3)
  4 harpies
  A griffon (Shoals:4)
  13 wolf spiders
  A golden dragon skeleton (Depths:2)
  8 orb spiders
  A stone giant zombie (Vaults:4)
  4 deep elf magi
  A cyclops (Vaults:2)
  11 ugly things
  3 moths of wrath
  A manticore (Shoals:4)
  A moth of wrath (shapeshifter) (Vaults:5)
  2 hornets (Spider:4)
  2 vault sentinels
  A torpor snail (Spider:4)
  3 freezing wraiths (Vaults:5)
  An orange demon (Depths:3)
  A yaktaur (shapeshifter) (Depths:1)
  6 yaktaurs
  5 demonic crawlers (Spider:4)
  A yaktaur skeleton (Vaults:4)
  23 jumping spiders
  5 merfolk
  A polar bear (shapeshifter) (Depths:3)
  3 giant leeches (Spider:3)
  A shadow dragon simulacrum (Depths:2)
  5 slime creatures
  5 two-headed ogres
  A boulder beetle (Spider:3)
  A frost giant simulacrum (Depths:3)
  An air elemental (Depths:2)
  28 redbacks
  12 tarantellas
  3 water elementals
  A spriggan skeleton (Depths:2)
  A neqoxec (Depths:3)
  3 wargs
  6 vampire mosquitoes
  A mottled dragon (Vaults:1)
  7 orc warriors
  A sky beast (shapeshifter) (Vaults:1)
  6 wasps
  11 ogres
  3 boggarts
  3 centaurs
  A human skeleton (Vaults:4)
  An electric eel (Spider:2)
  A hound (Lair:8)
  9 orcs
  5 jackals (Lair:8)
  2 crawling corpses (Vaults:5)
  6 plants
436 creatures vanquished.

Vanquished Creatures (others)
  Mara (Vaults:4)
  A fire giant (Depths:3)
  A deep elf high priest (Vaults:5)
  An ironbrand convoker (Vaults:2)
  A boulder beetle (Spider:3)
  A tarantella (Spider:1)
  A black bear (Lair:8)
  An ogre (Vaults:3)
  An orc wizard (Orc:2)
  14 fungi
  2 lost souls (Crypt:3)
  40 plants
  48 tentacles
  2655 tentacle segments
  21 withered plants (Crypt:3)
2789 creatures vanquished.

Grand Total: 5505 creatures vanquished

Notes
Turn   | Place    | Note
--------------------------------------------------------------
     0 | D:1      | namelastname112 the Draconian Gladiator began the quest for the Orb.
     0 | D:1      | Reached XP level 1. HP: 17/17 MP: 1/1
   105 | D:1      | Reached XP level 2. HP: 16/24 MP: 2/2
   507 | D:1      | Reached XP level 3. HP: 28/30 MP: 3/3
  1671 | D:3      | Reached XP level 4. HP: 16/37 MP: 4/4
  2133 | D:3      | Reached XP level 5. HP: 32/44 MP: 5/5
  2761 | D:4      | Found a glowing silver altar of Zin.
  3207 | D:4      | Reached XP level 6. HP: 47/51 MP: 6/6
  3395 | D:4      | Found a shattered altar of Ashenzari.
  3681 | D:4      | Noticed Natasha
  3687 | D:4      | Killed Natasha
  3687 | D:4      | Reached skill level 5 in Long Blades
  4043 | D:5      | Entered Level 5 of the Dungeon
  4476 | D:5      | Reached skill level 1 in Shields
  4954 | D:5      | Your scales start taking on a dull iron-grey colour.
  4954 | D:5      | Reached XP level 7. HP: 47/59 MP: 7/7
  4954 | D:5      | Gained mutation: You can survive without breathing. [Grey Draconian growth]
  5192 | D:5      | Found a blossoming altar of Fedhas.
  5347 | D:6      | Found a staircase to the Ecumenical Temple.
  5378 | Temple   | Entered the Ecumenical Temple
  5433 | Temple   | Became a worshipper of Gozag Ym Sagoz the Greedy
  6011 | D:6      | Found a shimmering altar of Xom.
  6401 | D:7      | Reached XP level 8. HP: 67/67 MP: 8/8
  6467 | D:7      | Reached skill level 5 in Fighting
  6673 | D:7      | Noticed Menkaure
  6938 | D:7      | Killed Menkaure
  7293 | D:7      | Reached skill level 5 in Dodging
  7837 | D:8      | Reached XP level 9. HP: 74/74 MP: 9/9
  8085 | D:8      | Found a blossoming altar of Fedhas.
  8165 | D:8      | Reached skill level 5 in Throwing
  9109 | D:9      | Reached skill level 5 in Shields
  9146 | D:9      | HP: 3/78 [poisoned by a killer bee]
  9153 | D:9      | HP: 2/78 [poisoned by a killer bee]
  9160 | D:9      | HP: 2/78 [poisoned by a killer bee]
  9168 | D:9      | HP: 1/78 [poisoned by a killer bee]
  9736 | D:9      | Found a staircase to the Lair.
  9737 | D:9      | Noticed a komodo dragon
  9763 | D:9      | Killed a komodo dragon
  9763 | D:9      | Reached XP level 10. HP: 47/84 MP: 10/10
 10275 | D:9      | Noticed Psyche
 10282 | D:9      | Killed Psyche
 10431 | D:10     | Entered Level 10 of the Dungeon
 10826 | D:10     | Noticed namelastname112's ghost (journeyman DrGl)
 10838 | D:10     | Reached skill level 10 in Long Blades
 11806 | D:11     | Noticed an unseen horror
 11812 | D:11     | Killed an unseen horror
 11972 | D:11     | Reached XP level 11. HP: 62/93 MP: 11/11
 12122 | D:11     | Found Xohaff's Jewellery Boutique.
 12748 | D:11     | Found a staircase to the Orcish Mines.
 12887 | D:11     | Found a shimmering altar of Xom.
 13177 | D:11     | Found Fanwa's Gadget Emporium.
 13228 | D:11     | namelastname112: question
 13228 | D:11     | namelastname112: do you listen to any music
 13228 | D:11     | namelastname112: while you playing crawl?
 14175 | D:12     | Found Toxahe's Distillery.
 14198 | D:12     | Found Ruosuogo's Magic Scroll Boutique.
 14220 | D:12     | Bought a potion of berserk rage for 55 gold pieces
 14220 | D:12     | Bought a potion of curing for 33 gold pieces
 14263 | D:12     | Bought a scroll of blinking for 112 gold pieces
 14323 | D:12     | Found a sacrificial altar of Ru.
 14426 | D:12     | Found a sparkling altar of Nemelex Xobeh.
 14438 | D:12     | Found Gikasigu's Weapon Shop.
 14490 | D:12     | Found Orghep's Antique Armour Emporium.
 14511 | D:12     | Noticed a hill giant
 14525 | D:12     | Killed a hill giant
 14610 | D:12     | Found Liju's Assorted Antiques.
 14618 | D:12     | Bought a sparkling ivory ring for 175 gold pieces
 14619 | D:12     | Identified the ring of Liar {rF+ Dex+6} (You bought it in a shop on level 12 of the Dungeon)
 14622 | D:12     | Bought a scroll labeled WUFOARHECEA for 35 gold pieces
 14622 | D:12     | Bought a scroll labeled LIUS KUXUN for 35 gold pieces
 14917 | D:13     | Reached XP level 12. HP: 76/103 MP: 12/12
 15067 | D:13     | Noticed a yaktaur captain
 15163 | D:13     | Killed a yaktaur captain
 15199 | D:13     | Found a gate to the Vaults.
 15237 | D:13     | Noticed Maud
 15281 | D:13     | Killed Maud
 15318 | D:13     | Noticed a death knight
 15903 | Orc:1    | Entered Level 1 of the Orcish Mines
 16222 | Orc:1    | Found a frozen archway.
 16243 | IceCv    | Entered an ice cave
 17717 | Orc:1    | Found Vistraesu's Distillery.
 17724 | Orc:1    | Bought a potion of heal wounds for 75 gold pieces
 18123 | Orc:1    | Paralysed by an orc sorcerer for 6 turns
 18450 | Orc:2    | Entered Level 2 of the Orcish Mines
 18450 | Orc:2    | Noticed Maurice
 18463 | Orc:2    | Killed Maurice
 18485 | Orc:2    | Reached skill level 10 in Fighting
 18511 | Orc:2    | Found a staircase to the Elven Halls.
 18532 | Orc:2    | Paralysed by an orc sorcerer for 3 turns
 18559 | Orc:2    | Noticed Rupert
 18574 | Orc:2    | HP: 5/106 [Rupert/great mace of protection (31)]
 18611 | Orc:1    | Noticed a stone giant
 19140 | Orc:1    | Killed a stone giant
 19361 | Orc:2    | Paralysed by Rupert for 3 turns
 19526 | Orc:2    | Noticed an ogre mage
 19543 | Orc:1    | Reached XP level 13. HP: 86/113 MP: 13/13
 20048 | Orc:2    | Found Picseudd's Weapon Shop.
 20142 | Orc:2    | Noticed Snorg
 20150 | Orc:2    | Found Irpha Codwo's Antique Weapon Boutique.
 20240 | Orc:1    | Killed Snorg
 20296 | Orc:2    | Paralysed by an ogre mage for 4 turns
 20341 | Orc:2    | Found Vepumev's Jewellery Boutique.
 20346 | Orc:2    | Found Sairel's Magic Scroll Emporium.
 20353 | Orc:2    | Bought the amulet of the Four Winds {rN+ MR+++ Clar} for 358 gold pieces
 20371 | Orc:2    | Noticed Azrael
 20379 | Orc:2    | Reached skill level 10 in Dodging
 20411 | Orc:2    | Killed Azrael
 20423 | Orc:2    | Reached skill level 10 in Shields
 20538 | Orc:2    | Found Nilliret's Book Shoppe.
 21205 | D:10     | Killed namelastname112's ghost
 21282 | Lair:1   | Entered Level 1 of the Lair of Beasts
 22184 | Lair:2   | Reached XP level 14. HP: 117/124 MP: 14/14
 23228 | Lair:3   | Noticed namelastname112's ghost (journeyman DrGl)
 23270 | Lair:3   | Killed namelastname112's ghost
 23270 | Lair:3   | Reached skill level 15 in Long Blades
 23310 | Lair:3   | Found a snail-covered altar of Cheibriados.
 23863 | Lair:3   | Found a hole to the Spider Nest.
 25522 | Lair:5   | HP: 1/127 [17-headed hydra (16)]
 26189 | Lair:6   | Found a staircase to the Shoals.
 26466 | Lair:6   | Reached XP level 15. HP: 108/134 MP: 15/15
 27532 | Lair:7   | Ratboiler: hiya... sry was afk.. uhm no i dont
 27532 | Lair:7   | Ratboiler: you?
 27534 | Lair:7   | namelastname112: sometimes
 28067 | Lair:8   | Entered Level 8 of the Lair of Beasts
 29618 | Lair:1   | Ratboiler: i so like gozag
 29626 | Lair:1   | Bought a pair of ancient gloves for 247 gold pieces
 29626 | Lair:1   | Bought a smoking shield for 247 gold pieces
 29636 | Lair:1   | Identified the +0 pair of gloves of Ymant {-Cast rElec rF+ rC+ Stlth+} (You bought it in a shop on level 1 of the Lair of Beasts)
 29646 | Lair:1   | Identified the +1 shield of Cuc Xu Ziav {Slay+3} (You bought it in a shop on level 1 of the Lair of Beasts)
 29652 | Lair:1   | namelastname112: pff -cast
 29652 | Lair:1   | namelastname112: sucks
 29773 | Lair:7   | Ratboiler: you dont need casting on that toon :P
 29970 | Lair:8   | namelastname112: bluh
 29970 | Lair:8   | namelastname112: all those hydras
 29970 | Lair:8   | namelastname112: annoying
 30343 | Lair:8   | Found a runed door.
 30343 | Lair:8   | Found a viscous altar of Jiyva.
 30343 | Lair:8   | Found a staircase to the Slime Pits.
 30650 | Lair:8   | Ratboiler: yeee
 30945 | Lair:8   | Identified a +9 rod of inaccuracy (14/14) (You found it on level 8 of the Lair of Beasts)
 31629 | D:12     | Ratboiler: lol there goes my streak again...
 31973 | D:13     | namelastname112: my streaks are always go to ass
 32724 | D:12     | Bought the +13 sword of the Doom Knight {pain, -Cast MR+} for 1215 gold pieces
 32805 | D:10     | Ratboiler: got para by a vampire... had 3 runes :|
 32925 | D:6      | namelastname112: watch me doing stupid shit
 32952 | Temple   | Fell from the grace of Gozag
 32952 | Temple   | Became a worshipper of Kikubaaqudgha
 32975 | D:6      | Ratboiler: :O
 33254 | D:14     | Noticed Agnes
 33271 | D:14     | Killed Agnes
 33271 | D:14     | Reached skill level 1 in Necromancy
 33271 | D:14     | Reached XP level 16. HP: 128/144 MP: 15/17
 33277 | D:14     | Reached skill level 1 in Spellcasting
 33528 | D:14     | Identified the Grimoire of the Helpful Compass
 33585 | D:14     | Found an opulent altar of Gozag.
 33650 | D:15     | Entered Level 15 of the Dungeon
 33926 | D:15     | Reached * piety under Kikubaaqudgha
 33926 | D:15     | Received a gift from Kikubaaqudgha
 33955 | D:15     | Identified Kikubaaqudgha's Almanac of Evil (Kikubaaqudgha gifted it to you on level 15 of the Dungeon)
 33962 | D:15     | Learned a level 2 spell: Sublimation of Blood
 33964 | D:15     | Learned a level 1 spell: Apportation
 34257 | D:15     | Found a staircase to the Depths.
 34643 | Lair:1   | Learned a level 1 spell: Animate Skeleton
 34777 | Elf:1    | Entered Level 1 of the Elven Halls
 34821 | Elf:1    | Found a radiant altar of Vehumet.
 34845 | Elf:1    | Reached ** piety under Kikubaaqudgha
 34858 | Elf:1    | Reached skill level 5 in Necromancy
 35181 | Elf:1    | Reached skill level 5 in Spellcasting
 35716 | Elf:1    | HP: 4/144 [deep elf archer/arrow (6)]
 35723 | Elf:1    | Ratboiler: close
 35723 | Elf:1    | namelastname112: forgot that he does that
 36794 | Elf:1    | Identified the Collected Works on Evil Secrets
 36800 | Elf:1    | Learned a level 4 spell: Animate Dead
 37678 | Elf:2    | Ratboiler: nice find
 38103 | Elf:2    | Noticed a Shadow Fiend
 38106 | Elf:2    | Noticed a Shadow Fiend
 38106 | Elf:2    | Reached *** piety under Kikubaaqudgha
 38106 | Elf:2    | Received a gift from Kikubaaqudgha
 38113 | Elf:2    | HP: 5/144 [deep elf knight/hand axe (25)]
 38124 | Elf:2    | Reached XP level 17. HP: 38/150 MP: 27/27
 38653 | Elf:2    | Identified Kikubaaqudgha's Collected Works on Evil Arts (Kikubaaqudgha gifted it to you on level 2 of the Elven Halls)
 38664 | Elf:2    | Learned a level 5 spell: Dispel Undead
 38671 | Elf:2    | Learned a level 6 spell: Death Channel
 38705 | Elf:2    | Found a huge runed gate.
 38705 | Elf:2    | Found a huge runed gate.
 38709 | Elf:2    | Found a huge runed gate.
 38764 | Elf:2    | Identified a scroll of acquirement
 38771 | Elf:2    | Identified a +1 pair of boots of running (You acquired it on level 2 of the Elven Halls)
 38824 | Elf:2    | Learned a level 5 spell: Cigotuvi's Embrace
 39239 | Elf:3    | Entered Level 3 of the Elven Halls
 39334 | Elf:3    | Found Xuacs's Assorted Antiques.
 39343 | Elf:3    | Bought a scroll labeled HIDGHA XISOMIXE for 29 gold pieces
 39811 | Orc:2    | Bought a book of Necromancy for 420 gold pieces
 39815 | Orc:2    | Learned a level 3 spell: Regeneration
 39819 | Orc:2    | Learned a level 3 spell: Vampiric Draining
 39854 | Orc:1    | Killed Rupert
 40494 | Shoals:1 | Entered Level 1 of the Shoals
 40679 | Shoals:1 | Got a pair of pitted gloves
 40695 | Shoals:1 | Identified the -1 pair of gloves of Yghull {rC+ rCorr Dex+3} (You found it on level 1 of the Shoals)
 41589 | Shoals:1 | Reached **** piety under Kikubaaqudgha
 41852 | Shoals:2 | Noticed Polyphemus
 41860 | Shoals:2 | Noticed Roxanne
 42489 | Shoals:2 | Was forgiven by Gozag
 42695 | Shoals:2 | Killed Polyphemus
 42695 | Shoals:2 | Reached skill level 10 in Necromancy
 42870 | Shoals:2 | Reached skill level 1 in Charms
 43139 | Shoals:2 | Noticed a kraken
 43909 | Shoals:2 | Killed a kraken
 44527 | Shoals:3 | Reached ***** piety under Kikubaaqudgha
 45098 | Shoals:3 | Identified the Handbook of Blistering Conjuration
 45193 | Shoals:3 | Noticed a kraken
 45204 | Shoals:3 | HP: 6/150 [tentacle[a kraken] (23)]
 45919 | Shoals:3 | Killed a kraken
 45919 | Shoals:3 | Reached XP level 18. HP: 75/158 MP: 31/31
 46479 | Shoals:4 | Entered Level 4 of the Shoals
 46479 | Shoals:4 | Noticed Louise
 46496 | Shoals:3 | Killed Louise
 46897 | Shoals:3 | Reached skill level 10 in Spellcasting
 47576 | Shoals:4 | Noticed Ilsuiw
 47606 | Shoals:4 | Killed Ilsuiw
 48555 | Shoals:4 | Got a barnacled rune of Zot
 48610 | Shoals:4 | Noticed Jorgrun
 48621 | Shoals:4 | Killed Jorgrun
 49174 | Spider:1 | Entered Level 1 of the Spider Nest
 49606 | Spider:2 | Got a transparent cloak
 49617 | Spider:2 | Identified the +0 cloak "Paenaisa" {Int+4} (You acquired it on level 2 of the Spider Nest)
 50237 | Spider:3 | Reached skill level 5 in Charms
 50241 | Spider:3 | Reached ****** piety under Kikubaaqudgha
 50555 | Spider:3 | Learned a level 6 spell: Simulacrum
 50601 | Spider:3 | Reached skill level 1 in Ice Magic
 50835 | Spider:4 | Entered Level 4 of the Spider Nest
 51109 | Spider:4 | Reached XP level 19. HP: 124/165 MP: 34/34
 51321 | Spider:4 | Got a gossamer rune of Zot
 52353 | Vaults:1 | Entered Level 1 of the Vaults
 52782 | Vaults:1 | Reached skill level 5 in Ice Magic
 53919 | Vaults:2 | Noticed Margery
 54264 | Vaults:2 | Noticed Jory
 54915 | Vaults:2 | Killed Jory
 54944 | Vaults:2 | Noticed Boris
 54979 | Vaults:2 | Killed Boris
 55214 | Vaults:2 | Got a pair of spiked gloves
 55220 | Vaults:2 | Identified the +0 pair of gloves of Infinity {*Corrode +Inv rF+ Dex+5} (You found it on level 2 of the Vaults)
 55223 | Vaults:2 | Reached XP level 20. HP: 150/172 MP: 35/37
 55504 | Vaults:2 | Killed Margery
 56088 | Vaults:3 | Found a flickering gateway to a bazaar.
 56096 | Bazaar   | Entered a bazaar
 56126 | Bazaar   | Found Weosh's Armour Emporium.
 56126 | Bazaar   | Found Rucrir's Antique Armour Shoppe.
 56147 | Bazaar   | Found Soafabirph's Book Shoppe.
 56162 | Bazaar   | Found Enguelar's Food Emporium.
 56197 | Bazaar   | Bought a bread ration for 35 gold pieces
 56197 | Bazaar   | Bought a meat ration for 35 gold pieces
 56197 | Bazaar   | Bought a meat ration for 35 gold pieces
 56197 | Bazaar   | Bought a meat ration for 35 gold pieces
 56197 | Bazaar   | Bought a bread ration for 35 gold pieces
 56197 | Bazaar   | Bought a meat ration for 35 gold pieces
 56197 | Bazaar   | Bought a bread ration for 35 gold pieces
 56197 | Bazaar   | Bought a meat ration for 35 gold pieces
 56197 | Bazaar   | Bought a meat ration for 35 gold pieces
 56354 | Vaults:3 | HP: 2/173 [stone giant/large rock (37)]
 57077 | Vaults:3 | Reached skill level 15 in Necromancy
 57756 | Vaults:3 | Found a staircase to the Crypt.
 57847 | Vaults:4 | Learned a level 5 spell: Bolt of Draining
 57992 | Vaults:4 | Noticed Mara
 58962 | Vaults:4 | Killed Mara
 59019 | Vaults:4 | Reached XP level 21. HP: 174/182 MP: 13/39
 61470 | Elf:3    | Reached skill level 15 in Spellcasting
 61560 | Elf:3    | Identified Sif Muna's Almanac of the Entourage (You found it on level 3 of the Elven Halls)
 61565 | Elf:3    | Learned a level 1 spell: Summon Small Mammal
 61570 | Elf:3    | Got a faintly humming cloak
 61571 | Elf:3    | Identified the cursed +0 cloak of Intuition {Int+4} (You found it on level 3 of the Elven Halls)
 61768 | Elf:3    | Reached skill level 1 in Summonings
 62150 | Elf:3    | Learned a level 6 spell: Haste
 62368 | Lair:1   | Learned a level 7 spell: Haunt
 62654 | Crypt:1  | Entered Level 1 of the Crypt
 62769 | Crypt:1  | Reached skill level 15 in Fighting
 62882 | Crypt:1  | Learned a level 2 spell: Blink
 63149 | Crypt:1  | Found a basalt altar of Yredelemnul.
 64546 | Crypt:2  | Found a basalt altar of Yredelemnul.
 65065 | Crypt:2  | Reached skill level 5 in Summonings
 65215 | Crypt:2  | Noticed Xtahua
 65545 | Crypt:2  | Killed Xtahua
 65685 | Crypt:2  | Reached XP level 22. HP: 175/192 MP: 30/41
 66604 | Crypt:3  | Entered Level 3 of the Crypt
 67939 | Crypt:3  | Found a basalt altar of Yredelemnul.
 69244 | Crypt:3  | Identified Kikubaaqudgha's Tome of Unholy Arts
 70005 | Crypt:3  | Found a staircase to the Tomb.
 71854 | Depths:1 | Entered Level 1 of the Depths
 71949 | Depths:1 | Found a gateway to Hell.
 72150 | Depths:1 | Noticed a golden dragon
 72162 | Depths:1 | Killed a golden dragon
 72721 | Depths:1 | Reached XP level 23. HP: 116/202 MP: 42/42
 73459 | Depths:2 | Reached skill level 10 in Charms
 74167 | Depths:2 | Reached skill level 10 in Summonings
 75092 | Depths:3 | Noticed the Enchantress
 75100 | Depths:3 | Killed the Enchantress
 75160 | Depths:3 | Found a magical portal.
 75430 | Depths:3 | Found a one-way gate leading to the halls of Pandemonium.
 75537 | Depths:3 | Noticed a juggernaut
 75555 | Depths:3 | Killed a juggernaut
 75563 | Depths:3 | Noticed a caustic shrike
 75578 | Depths:3 | Killed a caustic shrike
 75943 | Depths:3 | Noticed a juggernaut
 75949 | Depths:3 | Killed a juggernaut
 76003 | Depths:3 | Noticed Boris
 76006 | Depths:3 | Killed Boris
 76392 | Depths:3 | Found a one-way gate to the infinite horrors of the Abyss.
 76568 | Depths:3 | Noticed a caustic shrike
 76572 | Depths:3 | Noticed a caustic shrike
 76573 | Depths:3 | Noticed a caustic shrike
 77093 | Depths:4 | Reached XP level 24. HP: 212/212 MP: 36/42
 77581 | Depths:5 | Entered Level 5 of the Depths
 77626 | Depths:5 | Noticed Mennas
 77674 | Depths:5 | Killed Mennas
 78104 | Depths:5 | Found a gate to the Realm of Zot.
 78242 | Depths:5 | Found a corrupted altar of Lugonu.
 78281 | Depths:5 | Found a gateway to a ziggurat.
 79496 | Vaults:5 | Entered Level 5 of the Vaults
 79568 | Vaults:5 | Reached skill level 15 in Dodging
 79712 | Vaults:5 | Noticed an ancient lich
 79773 | Vaults:5 | Killed an ancient lich
 79845 | Vaults:5 | Identified a +2 rod of clouds (9/9) (You found it on level 5 of the Vaults)
 80390 | Vaults:5 | Identified Tisox's Tome of Blows and Bruises and the Birds
 80746 | Vaults:5 | Reached XP level 25. HP: 52/223 MP: 34/42
 80887 | Vaults:5 | Got a silver rune of Zot
 80992 | Vaults:5 | Got a transparent diamond amulet
 80993 | Vaults:5 | Identified the amulet "Noel" {rElec rPois Regen+ Str+2 Stlth+} (You took it off a vault guard on level 5 of the Vaults)
 81321 | Vaults:5 | Got a twitching ivory ring
 81322 | Vaults:5 | Identified the ring of Temperance {*Drain rPois rF- MR+++ Stlth-} (You took it off an ironbrand convoker on level 5 of the Vaults)
 81368 | Vaults:5 | Got a slimy bronze amulet
 81552 | Vaults:5 | Identified the amulet "Rewagg" {Spirit Str+3} (You found it on level 5 of the Vaults)
 81557 | Vaults:5 | Gained mutation: Your spells are a little harder to cast, but a little more powerful. [potion of beneficial mutation]
 81929 | Zot:1    | Entered Level 1 of the Realm of Zot
 81940 | Zot:1    | Noticed an orb of fire
 81955 | Depths:5 | Gained mutation: You expend magic power (3 MP) to strengthen your wands. [an orb of fire]
 81957 | Depths:5 | Gained mutation: You occasionally shout uncontrollably at your foes. [an orb of fire]
 81959 | Depths:5 | Gained mutation: You are weak. (Str -2) [an orb of fire]
 81964 | Depths:5 | Killed an orb of fire
 82575 | Lair:1   | Learned a level 6 spell: Haste
 83075 | Zot:1    | Killed from afar by a black draconian

Vault maps used:
D:1:      lordsloth_arrival_two_stooges, serial_forest,
          infiniplex_forest_lined_3_way, infiniplex_forest_lined_room_2,
          infiniplex_forest_lined_3, infiniplex_forest_clump_curved,
          infiniplex_forest_end_2, infiniplex_forest_join,
          infiniplex_forest_lined_2
D:4:      nicolae_overflow_crystal_walls, marbit_many_paths,
          kennysheep_generic_room_15, uniq_natasha
D:5:      fedhas_altar_4, first_bread, serial_co_window_serial,
          co_window_paths_a, co_window_paths_a, co_window_paths_b,
          co_window_of_opportunity_a, co_window_of_opportunity_a,
          co_window_paths_b, co_window_corner_a, co_window_broadway_b,
          co_window_broadway_a, co_window_of_opportunity_b, co_window_cross_3,
          co_window_paths_c, glass_columns_c, glass_columns_a, glass_columns_c,
          glass_columns_c, glass_columns_a
D:6:      temple_fountains, tgw_xom
D:7:      uniq_menkaure
D:8:      hangedman_tree_tricks
D:9:      david_lair_shrubbed, uniq_psyche
D:11:     orc_0_dummy, serial_shops, shop, kennysheep_mini, basic_altar,
          stair_cage_line, patterned_corridor
D:12:     serial_shops, nicolae_shop_overgrown_old_shop,
          nicolae_shop_waterfront, kennysheep_little_box, nicolae_shop_crystal,
          kennysheep_mini_moat, basic_altar, minivault_1, fungi_pond_lemuel,
          minmay_crystal_room, nicolae_ru_path_of_blood
D:13:     david_vaults_2, uniq_maud
D:14:     nicolae_gozag_cash_rules_everything_around_me, uniq_agnes
D:15:     grunt_enter_depths_snipers, minmay_misc_feat_encased
Temple:   minmay_crystal_snake_temple_18
Lair:1:   disabler_island
Lair:2:   ice2_lemuel, infiniplex_staircase_pool
Lair:3:   spider_nest_entry_funnel_web, basic_altar, special_room
Lair:4:   grunt_megastairs_3
Lair:5:   grunt_megastairs_4
Lair:6:   elwin_shoals_entry_stream, columned_hall_lemuel, wad_woods_road_05
Lair:7:   serial_bayou_shore_a
Lair:8:   guppyfry_lair_end_dragon, hangedman_lair_caniforms_friends,
          slime_altar_2, grunt_megastairs_2, lemuel_fruit_fields
Shoals:1: nicolae_shoals_undead_eyrie
Shoals:2: nicolae_shoals_circle_sea_wall, hangedman_shoal_volcano,
          uniq_polyphemus, uniq_donald, uniq_roxanne
Shoals:4: shoals_end_grunt_ice, shoal_ilsuiw, uniq_jorgrun, uniq_louise
Spider:2: spider_trap
Spider:3: nicolae_spider_mines_1, hangedman_stitches_earthworm,
          nicolae_spider_cling_ruins, nicolae_spider_cling_halls
Spider:4: guppyfry_spider_rune
Orc:1:    portal_ice_cave_entry_imps, serial_shops, shop,
          nicolae_orc_sculptors_studio
Orc:2:    st_orc_open, serial_shops, shop, uniq_rupert, uniq_azrael, uniq_snorg,
          uniq_maurice
Elf:1:    eino_elf_arrival_altar, minmay_elf_necromancy
Elf:3:    minmay_elf_hall_spiked, serial_shops, nicolae_shop_overgrown_old_shop
Vaults:1: grunt_vaults_hallway_short, nicolae_vaults_asterisk, v_misc_3,
          vaults_dpeg_diagonal, nicolae_vaults_windows_and_doors_thing,
          v_misc_31, v_misc_29, v_alt_pattern_2, hangedman_vaults_maws,
          vaults_room_large_hall, vaults_dpeg_hooks
Vaults:2: nicolae_vaults_murderbox, nicolae_vaults_ninety_degrees,
          vaults_room_octagon, vaults_room_fours,
          nicolae_vaults_yaktaur_gun_rack, nicolae_vaults_asterisk,
          nicolae_vaults_shelves_hall, vaults_mumra_minichess,
          nicolae_vaults_mini_display_case, hangedman_vaults_slice, uniq_boris,
          uniq_jory, uniq_margery
Vaults:3: v_alt_pattern_2, v_misc_33, ontoclasm_vaults_gallery, v_alt_pattern_2,
          hangedman_vaults_stitches, minmay_crypt_entry_simple_walls, v_misc_11,
          nicolae_vaults_stairing_the_circle, nicolae_vaults_little_squares_2,
          nicolae_vaults_diagonal_hallway_6, vaults_dpeg_doors, serial_shops,
          bzr_entry_dummy
Vaults:4: v_misc_14, vaults_standard_mumra_x, v_misc_10, hangedman_vaults_trim,
          nicolae_vaults_little_squares_1, hangedman_vaults_stretched_pinwheel,
          ontoclasm_vaults_shuriken, nicolae_vaults_little_squares_5, uniq_mara
Crypt:1:  basic_altar
Crypt:2:  weyrava_vampire_temple, roderic_lattice_octagonal_star, uniq_xtahua
Crypt:3:  evilmike_haunted_forest
Depths:1: hangedman_decor_growths, pf_hell_entry_great_geh,
          lightli_fourway_metalbox, serial_bayou_shore_b, serial_bayou_shore_b,
          serial_bayou_shore_b
Depths:2: grunt_deathspiral_large, hell_entry, kennysheep_diamond,
          statue_in_the_mist_lemuel
Depths:3: hangedman_arch_fort, grunt_pan_entry_in_and_out,
          hangedman_decor_points, abyss_entry_small_statue_room, hell_entry,
          mu_enter_wizlab_4, uniq_enchantress, uniq_boris
Depths:4: kennysheep_ogre_elephant_herders, abyss_entry,
          grunt_hell_entry_dis_grunt, serial_column_ruins,
          column_ruins_hut_pillars, column_ruins_open_medium,
          column_ruins_columns_straight, column_ruins_grid_1,
          column_ruins_corridor_corner, column_ruins_columns_straight,
          infiniplex_staircase_split_hallway
Depths:5: grunt_crosshair, enter_ziggurat_b, solitary_fountain,
          abyss_entry_flame_altar, hell_entry, uniq_mennas
Zot:1:    lemuel_acid_trip, zot_minivault_8
Bazaar:   bazaar_long_row
IceCv:    ice_cave_statue_garden_02

Skill      XL: |  1  2  3  4  5  6  7  8  9 10 11 12 13 14 15 16 17 18 19 20 21 22 23 24 |
---------------+-------------------------------------------------------------------------+-----
Dodging        | 3 4 5 6 7 8 9 10 11 12 13 14 15 | 15.5
Throwing       | 2 3 4 5 6 7 |  7.4
Long Blades    | 4 5 6 7 9 10 11 13 14 15 17 18 | 18.8
Fighting       | 3 4 5 6 7 8 10 11 12 13 14 15 16 17 | 17.8
Shields        | 1 2 3 5 6 7 9 10 11 12 | 12.2
Necromancy     | 1 7 10 12 14 15 16 17 18 | 18.3
Spellcasting   | 7 9 11 13 14 15 | 15.9
Charms         | 2 5 6 9 11 13 | 13.6
Ice Magic      | 2 8 |  8.4
Summonings     | 5 8 11 12 | 12.7

Action                   |  1- 3 |  4- 6 |  7- 9 | 10-12 | 13-15 | 16-18 | 19-21 | 22-24 | 25-27 || total
-------------------------+-------+-------+-------+-------+-------+-------+-------+-------+-------++-------
Melee: Long sword        |   134 |   229 |    21 |       |       |       |       |       |       ||   384
       Dagger            |       |       |   126 |       |    14 |       |       |       |       ||   140
       Scimitar          |       |       |   207 |  1126 |  2179 |   397 |       |       |       ||  3909
       Great sword       |       |       |       |       |       |  1205 |  1442 |  1058 |    87 ||  3792
       Staff             |       |       |       |       |       |     1 |     8 |    21 |       ||    30
Throw: Throwing net      |       |       |     1 |     9 |     1 |       |       |       |     1 ||    12
       Javelin           |       |       |     3 |       |       |       |       |       |       ||     3
 Cast: Regeneration      |       |       |       |       |       |    58 |    46 |    58 |     4 ||   166
       Animate Dead      |       |       |       |       |       |    38 |    48 |    43 |     2 ||   131
       Vampiric Draining |       |       |       |       |       |    17 |    19 |       |       ||    36
       Animate Skeleton  |       |       |       |       |       |    16 |    14 |    15 |     2 ||    47
       Cigotuvi's Embrac |       |       |       |       |       |     5 |     6 |       |       ||    11
       Death Channel     |       |       |       |       |       |    11 |    33 |    32 |     3 ||    79
       Sublimation of Bl |       |       |       |       |       |     6 |    12 |     9 |       ||    27
       Dispel Undead     |       |       |       |       |       |       |   124 |   235 |     2 ||   361
       Simulacrum        |       |       |       |       |       |       |     8 |    34 |     1 ||    43
       Bolt of Draining  |       |       |       |       |       |       |     4 |       |       ||     4
       Haunt             |       |       |       |       |       |       |     2 |     4 |     7 ||    13
Invok: Call Merchant     |       |       |       |       |     7 |       |       |       |       ||     7
       Receive Corpses   |       |       |       |       |       |    10 |    12 |    15 |       ||    37
Evoke: Wand              |       |       |     3 |       |    31 |       |     4 |     1 |       ||    39
       Phial of floods   |       |       |       |       |     2 |       |       |       |       ||     2
  Use: Scroll            |       |       |    14 |    22 |    12 |    23 |    18 |    10 |     7 ||   106
       Potion            |       |       |       |     4 |     2 |     9 |     1 |       |     2 ||    18
 Stab: Sleeping          |     1 |     1 |     4 |     2 |    13 |     7 |    10 |     2 |       ||    40
       Paralysed         |       |       |     4 |       |    12 |       |       |       |       ||    16
       Distracted        |       |       |     3 |     7 |    36 |    18 |    30 |    17 |     1 ||   112
       Held in net/web   |       |       |       |     9 |       |       |       |       |       ||     9
       Petrifying        |       |       |       |       |       |     1 |       |       |       ||     1
  Eat: Chunk             |     2 |    11 |     1 |       |       |    30 |    31 |    18 |     4 ||    97
       Royal jelly       |       |       |     1 |     1 |     6 |     2 |     1 |     2 |     1 ||    14
       Pizza             |       |       |     1 |       |     3 |       |     1 |     1 |     1 ||     7
       Beef jerky        |       |       |     1 |       |     1 |    10 |     3 |     3 |     1 ||    19
       Meat ration       |       |       |     3 |     6 |     4 |     4 |     8 |     3 |       ||    28
       Bread ration      |       |       |       |     1 |       |     2 |     2 |    13 |     1 ||    19
       Fruit             |       |       |       |       |     6 |     4 |     6 |     3 |       ||    19
